 Dungeon Crawl Stone Soup version 0.19.5 (webtiles) character file.

158 Kalash the Cudgeler (level 5, -1/41 HPs)
             Began as a Demonspawn Abyssal Knight on Mar 21, 2017.
             Was a Believer of Lugonu.
             Killed by a spatial distortion (3 damage)
             ... on level 2 of the Dungeon.
             The game lasted 00:16:21 (3413 turns).

Kalash the Cudgeler (Demonspawn Abyssal Knight)     Turns: 3413, Time: 00:16:22

Health: -1/41      AC: 10    Str: 13    XL:     5   Next: 16%
Magic:  14/15      EV:  6    Int: 13    God:    Lugonu [**....]
Gold:   167        SH:  0    Dex: 13    Spells: 0 memorised, 4 levels left

rFire  . . .     SeeInvis .     a - +1 mace
rCold  . . .     Gourm    .     s - +0 chain mail (curse)
rNeg   . . .     Faith    .     (no shield)
rPois  .         Spirit   .     (no helmet)
rElec  .         Reflect  .     t - +0 cloak
rCorr  .         Harm     +     m - +0 pair of gloves
MR     +....                    (no boots)
Stlth  ..........               l - amulet of harm
                                y - ring of magical power
                                n - ring of protection from magic

@: no status effects
A: claws 1, hooves 2
a: Depart the Abyss, Bend Space, Renounce Religion


You were on level 2 of the Dungeon.
You worshipped Lugonu.
Lugonu was pleased with you.
You were not hungry.

You visited 1 branch of the dungeon, and saw 3 of its levels.
You visited the Abyss 1 time.

You collected 167 gold pieces.

Inventory:

Hand Weapons
 a - a +1 mace (weapon)
 i - a +0 club
Armour
 b - a +0 leather armour
 g - a +0 ring mail
 j - a +0 scale mail
 m - a +0 pair of gloves (worn)
 s - a cursed +0 chain mail (worn)
 t - a +0 cloak (worn)
Jewellery
 l - an amulet of harm (around neck)
 n - a ring of protection from magic (left hand)
 y - a ring of magical power (right hand)
Wands
 p - a wand of random effects (15/48)
Scrolls
 d - 5 scrolls of blinking {unknown}
 h - 2 scrolls of remove curse {unknown}
 o - a scroll of amnesia {unknown}
 r - 2 scrolls of recharging {unknown}
 v - a scroll of random uselessness {unknown}
Potions
 e - a potion of resistance {unknown}
 f - a potion of flight {unknown}
 k - 3 potions of lignification {unknown}
 q - a potion of agility {unknown}
 u - a potion of degeneration {unknown}
 x - a potion of brilliance {unknown}
Comestibles
 c - a bread ration
 w - a slice of pizza
 z - a meat ration


   Skills:
 - Level 3.0 Fighting
 + Level 4.9 Maces & Flails
 - Level 1.7 Armour
 - Level 0.8 Dodging
 - Level 2.4 Invocations


You had 4 spell levels left.
You didn't know any spells.

Dungeon Overview and Level Annotations

Branches:
Dungeon (3/15)

Altars:
The Shining One

Annotations:
D:2 Grinder


Innate Abilities, Weirdness & Mutations

You have sharp fingernails.
You have hoof-like feet.


Message History

You kick Grinder.
Grinder is lightly wounded.
Grinder hits you.
You writhe in agony.
You closely miss Grinder. You kick Grinder, but do no damage.
Grinder is lightly wounded.
Grinder gestures at you. You resist with some effort. Grinder hits you.
You writhe in agony.
You completely miss Grinder. Your kick misses Grinder.
Grinder hits you but does no damage.
You hit Grinder.
Grinder is lightly wounded.
Grinder barely misses you. Space bends around you!
You blink.
Grinder gestures at you. Pain shoots through your body!
* * * LOW HITPOINT WARNING * * *
You climb upwards.
There is a stone staircase leading down here.
Space bends around you!
You blink.
You die...

##..# #####<##...
##...#######.....#####
#.........##.##### ##
##.######.##.# #. #.##
#.##.### ## #..##
#.##...# ###. #...#
##.####.# #.##
#.#.###...###.# #.##
#.._@...#..##.# #.##
###.#.#..5[##.# #.##
#...##.#ยง##.# #.#.
######......####.#.
###....(....#.
####......#. ##<....##
#.###.## #.# #.##


You could see Grinder.

Vanquished Creatures
  An orc wizard (D:3)
  Terence (D:1)
  3 adders (D:2)
  2 worms (D:2)
  2 dart slugs (D:1)
  A leopard gecko (D:1)
  4 orcs
  A ball python (D:1)
  3 giant cockroaches
  7 goblins
  5 hobgoblins
  11 jackals (D:1)
  4 kobolds
  3 bats
  3 frilled lizards
  8 rats
59 creatures vanquished.

Notes
Turn   | Place    | Note
-------+----------+-------------------------------------------
     0 | Abyss:1  | Kalash the Demonspawn Abyssal Knight began the quest for the Orb.
     0 | Abyss:1  | Reached XP level 1. HP: 18/18 MP: 2/2
     0 | D:1      | Escaped the Abyss
    86 | D:1      | Reached skill level 2 in Maces & Flails
   130 | D:1      | Reached * piety under Lugonu
   274 | D:1      | Gained mutation: You have large cloven feet. [demonic ancestry]
   274 | D:1      | Reached XP level 2. HP: 24/24 MP: 3/3
   605 | D:1      | Reached skill level 3 in Maces & Flails
   885 | D:1      | Gained mutation: You have sharp fingernails. [demonic ancestry]
   885 | D:1      | Reached XP level 3. HP: 28/29 MP: 4/4
  1115 | D:2      | Found a glowing golden altar of the Shining One.
  1182 | D:1      | Reached ** piety under Lugonu
  1871 | D:2      | Reached skill level 4 in Maces & Flails
  1871 | D:2      | Gained mutation: You have hoof-like feet. [demonic ancestry]
  1871 | D:2      | Reached XP level 4. HP: 26/35 MP: 5/5
  2274 | D:2      | Noticed Terence
  2408 | D:1      | Killed Terence
  3158 | D:3      | Noticed Grinder
  3328 | D:3      | Reached XP level 5. HP: 31/41 MP: 6/6
  3411 | D:3      | HP: 1/41 [Grinder/nerve-wracking pain (13)]
  3413 | D:2      | Killed by a spatial distortion

Skill      XL: |  1  2  3 |
---------------+----------+-----
Maces & Flails | 2 3 4 |  4.9
Fighting       | |  3.0
Armour         | |  1.7
Dodging        | |  0.8
Invocations    | |  2.4

Action                   |  1- 3 |  4- 6 || total
-------------------------+-------+-------++-------
Melee: Mace              |   131 |   100 ||   231
       Kick              |    18 |    28 ||    46
Invok: Depart the Abyss  |     1 |       ||     1
       Bend Space        |       |     2 ||     2
  Eat: Bread ration      |     1 |     1 ||     2
Armor: Ring mail         |     8 |       ||     8
       Scale mail        |    55 |    10 ||    65
       Chain mail        |       |    45 ||    45
Dodge: Dodged            |    54 |    37 ||    91
